 Dungeon Crawl Stone Soup version 0.31-a0-640-g39d97e502b (webtiles) character file.

Game seed: 12626892464445139431

711 qw the Skirmisher (level 7, -9/43 HPs)
             Began as a Gargoyle Hunter on Aug 27, 2023.
             Mangled by an ice beast (14 damage)
             ... on level 5 of the Dungeon.
             The game lasted 00:01:41 (4173 turns).

qw the Skirmisher (Gargoyle Hunter)                 Turns: 4173, Time: 00:01:41

Health: -9/43      AC: 11    Str: 14    XL:     7   Next: 68%
Magic:  7/7        EV: 11    Int: 10    God:
Gold:   269        SH:  0    Dex: 15    Spells: 6/6 levels left

rFire   . . .        Y - +0 shortbow
rCold   . . .        (shield currently unavailable)
rNeg    + . .        j - +0 ring mail
rPois   inf          (no helmet)
rElec   +            (no cloak)
rCorr   .            f - +0 pair of gloves
SInv    .            (no boots)
Will    .....        (no amulet)
Stlth   +            (no ring)
HPRegen 0.27/turn    (no ring)
MPRegen 0.10/turn

%: no passive effects
@: about to teleport, marked
A: sickness immunity, AC +4, negative energy resistance 1, electricity
resistance, torment resistance 1, petrification resistance
a: no special abilities


You were on level 5 of the Dungeon.
You visited 1 branch of the dungeon, and saw 5 of its levels.

You collected 269 gold pieces.


Innate Abilities, Weirdness & Mutations

You are immune to sickness and miasma.
Your stone body is resilient. (AC +4)
You are immune to poison.
You resist negative energy. (rN+)
You are resistant to electric shocks. (rElec)
You are resistant to unholy torment.
You are immune to petrification.


   Skills:
 + Level 4.3 Fighting
 - Level 8.2 Ranged Weapons
 - Level 1.9 Armour
 - Level 1.5 Dodging
 - Level 1.1 Stealth


You had 6 spell levels left.
You didn't know any spells.
Your spell library was empty.

Inventory:

Hand Weapons
 Y - a +0 shortbow (weapon)
Armour
 b - a +3 leather armour
 f - a +0 pair of gloves (worn)
 j - a +0 ring mail (worn)
Scrolls
 i - a scroll of identify
Potions
 c - a potion of lignification {unknown}
 d - 3 potions of might
 e - 3 potions of curing
 g - 2 potions of resistance
 h - a potion of magic {unknown}
 k - a potion of mutation {unknown}
 l - a potion of cancellation {unknown}

Dungeon Overview and Level Annotations

Branches:
Dungeon (5/15)
 Temple: D:4-7

Altars:
Ashenzari
Cheibriados
Elyvilon
Hepliaklqana
Qazlal
Ru
Xom


Message History

The ice beast is moderately wounded.
You shoot an arrow.
The arrow hits the ice beast but does no damage.
The ice beast is moderately wounded.
The ice beast hits you. The ice beast freezes you!
A shadow imp comes into view.
The ice beast barely misses you.
You shoot an arrow. The arrow barely misses the ice beast.
The ice beast closely misses you.
You shoot an arrow.
The arrow hits the ice beast but does no damage.
The ice beast is moderately wounded.
The ice beast barely misses you.
You shoot an arrow.
The arrow hits the ice beast but does no damage.
The ice beast is moderately wounded.
The ice beast hits you but does no damage.
You shoot an arrow. The arrow barely misses the ice beast.
The ice beast hits you. The ice beast freezes you.
You shoot an arrow. The arrow barely misses the ice beast.
The ice beast hits you but does no damage.
You shoot an arrow.
The arrow hits the ice beast but does no damage.
The ice beast is moderately wounded.
The ice beast hits you. The ice beast freezes you!
4170 ||| READING scroll of teleportation.
As you read the scroll of teleportation, it crumbles to dust.
You feel strangely unstable. The ice beast barely misses you.
You shoot an arrow.
The arrow hits the ice beast but does no damage.
The ice beast is moderately wounded.
The ice beast completely misses you.
You shoot an arrow. The arrow hits the ice beast.
The ice beast is moderately wounded.
The ice beast hits you but does no damage.
You shoot an arrow. The arrow hits the ice beast.
The ice beast is heavily wounded.
The ice beast hits you. The ice beast freezes you!
You die...

##..........................<#
###.##...............########
#.##.###.#########.#
#.##.#<......... #.#
####.###.####### #.#
#...%........ #.#
#####.####### #.# #....(5.5Y.#
#.# #####.####@# #.# #.# #.#
#.# #.# #.# #.# #.# #.# #.#
..# #.# #.# ).# #.# #.#
#.####.# #......# ########


You could see an ice beast, a white imp and a shadow imp.

Vanquished Creatures
  An ice beast (D:5)
  2 phantoms (D:5)
  A scorpion (D:4)
  A howler monkey (D:4)
  An orc priest (D:3)
  3 hounds
  An iron imp (D:3)
  An iguana (D:5)
  Terence (D:3)
  2 orc wizards (D:3)
  5 adders
  5 worms
  2 dart slugs
  5 orcs
  5 ball pythons
  3 endoplasms
  2 giant cockroaches
  4 goblins
  3 hobgoblins
  4 jackals (D:3)
  8 kobolds
  6 quokkas
  6 bats
  5 frilled lizards
  2 rats
79 creatures vanquished.

Vanquished Creatures (others)
  An ogre (D:5)
  A scorpion (D:5)
  A howler monkey (D:5)
  A hound (D:5)
  An ufetubus (D:5)
  2 jackals (D:5)
  A quokka (D:5)
  A butterfly (D:3)
9 creatures vanquished.

Grand Total: 88 creatures vanquished

Notes
Turn   | Place    | Note
-------+----------+-------------------------------------------
     0 | D:1      | qw the Gargoyle Hunter began the quest for the Orb.
     0 | D:1      | Reached XP level 1. HP: 12/12 MP: 1/1
     0 | D:1      | 0 ||| qw: Version: 0.3-a-74-g0d5e918
     0 | D:1      | 0 ||| qw: Game counter: 125
     0 | D:1      | 0 ||| qw: Melee chars always use a shield: true
     0 | D:1      | 0 ||| qw: God list: Okawaru
     0 | D:1      | 0 ||| qw: Allow faded altars: false
     0 | D:1      | 0 ||| qw: Do Orc after clearing Dungeon:15 true
     0 | D:1      | 0 ||| qw: Do second Lair branch before Depths: true
     0 | D:1      | 0 ||| qw: Lair rune preference: random
     0 | D:1      | 0 ||| qw: Goals: Normal
     0 | D:1      | 0 ||| PLANNING D:1-11
   156 | D:1      | Found a faded altar of an unknown god.
   376 | D:1      | Reached XP level 2. HP: 17/17 MP: 2/2
   436 | D:1      | You fall into a shaft and drop 1 floor!
   724 | D:2      | Reached skill level 5 in Ranged Weapons
   724 | D:2      | Reached XP level 3. HP: 18/21 MP: 3/3
  1019 | D:2      | 1019 ||| READING scroll labelled KURAICW WOW MENN.
  1024 | D:2      | 1024 ||| READING scroll labelled RYR UKIUPO.
  1025 | D:2      | 1025 ||| DRINKING 3 murky green potions.
  1026 | D:2      | 1026 ||| DROPPING scroll of butterflies.
  1355 | D:1      | 1355 ||| DROPPING ring of wizardry.
  1356 | D:1      | 1356 ||| READING scroll labelled MOFIAWN ESAC.
  1838 | D:2      | 1838 ||| DRINKING 2 emerald potions.
  1914 | D:3      | Found a sacrificial altar of Ru.
  1929 | D:3      | Found a stormy altar of Qazlal.
  1949 | D:3      | Reached skill level 3 in Fighting
  2001 | D:3      | Reached XP level 4. HP: 26/28 MP: 4/4
  2125 | D:3      | 2125 ||| Stepping ~*~*~tactically~*~*~ (outnumbered).
  2139 | D:3      | Reached XP level 5. HP: 11/32 MP: 5/5
  2139 | D:3      | HP: 7/32 [orc wizard/+0 dagger (4)]
  2140 | D:3      | 2140 ||| READING 2 scrolls of teleportation.
  2142 | D:3      | HP: 3/32 [orc wizard/magic dart (1)]
  2393 | D:3      | Found a snail-covered altar of Cheibriados.
  2423 | D:3      | Found a white marble altar of Elyvilon.
  2448 | D:3      | Reached skill level 6 in Ranged Weapons
  2563 | D:3      | Found a hazy altar of Hepliaklqana.
  2638 | D:3      | Noticed Terence
  2649 | D:3      | HP: 7/32 [Terence/+0 morningstar (7)]
  2650 | D:3      | 2650 ||| READING scroll of teleportation.
  3045 | D:3      | Killed Terence
  3133 | D:3      | 3133 ||| UPGRADING to +0 pair of gloves.
  3138 | D:3      | 3138 ||| UPGRADING to +0 ring mail.
  3148 | D:3      | 3148 ||| DROPPING +0 leather armour.
  3149 | D:3      | 3149 ||| READING 3 scrolls labelled BUASAC NOFE.
  3150 | D:3      | 3150 ||| DRINKING 2 grey potions.
  3151 | D:3      | 3151 ||| READING 2 scrolls of identify.
  3151 | D:3      | 3151 ||| IDENTIFYING metallic white potion
  3152 | D:3      | 3152 ||| DROPPING potion of invisibility.
  3207 | D:4      | 3207 ||| STAIRDANCE
  3216 | D:4      | 3216 ||| STAIRDANCE
  3240 | D:4      | 3240 ||| STAIRDANCE
  3250 | D:3      | Reached skill level 1 in Armour
  3250 | D:3      | Reached XP level 6. HP: 30/38 MP: 6/6
  3426 | D:4      | 3426 ||| READING scroll labelled LEW JAMONUCZUH.
  3427 | D:4      | 3427 ||| READING scroll labelled TOCITR VAIHIG.
  3433 | D:4      | 3433 ||| FLEEEEING.
  3434 | D:4      | 3434 ||| FLEEEEING.
  3435 | D:4      | 3435 ||| STAIRDANCE
  3470 | D:4      | 3470 ||| FLEEEEING.
  3472 | D:4      | 3472 ||| STAIRDANCE
  3649 | D:4      | Found a broken altar of Ashenzari.
  3802 | D:4      | 3802 ||| READING scroll labelled HAIFITZIGHUF.
  3832 | D:5      | Entered Level 5 of the Dungeon
  3842 | D:5      | Reached skill level 7 in Ranged Weapons
  3939 | D:5      | Found a shimmering altar of Xom.
  3940 | D:5      | Noticed an ice beast
  3981 | D:5      | Reached XP level 7. HP: 43/43 MP: 7/7
  3997 | D:5      | 3997 ||| Stepping ~*~*~tactically~*~*~ (outnumbered).
  4028 | D:5      | 4028 ||| FLEEEEING.
  4030 | D:5      | 4030 ||| FLEEEEING.
  4031 | D:5      | 4031 ||| FLEEEEING.
  4032 | D:5      | 4032 ||| FLEEEEING.
  4036 | D:5      | 4036 ||| FLEEEEING.
  4051 | D:5      | 4051 ||| FLEEEEING.
  4084 | D:5      | Reached skill level 8 in Ranged Weapons
  4169 | D:5      | HP: 7/43 [ice beast (14)]
  4170 | D:5      | 4170 ||| READING scroll of teleportation.
  4173 | D:5      | Mangled by an ice beast

Levels and vault maps discovered:
D:1:      eino_arrival_water_cross, layout_loops_ring,
          dilly_ecumenical_altar_fadedgnrine, item_on_display_a
D:2:      layout_basic, serial_forest, infiniplex_forest_corner_1,
          infiniplex_forest_side_room, infiniplex_forest_clump_curved,
          infiniplex_forest_corner_1, infiniplex_forest_join,
          infiniplex_forest_lined_room_, infiniplex_forest_clump_C,
          infiniplex_forest_end_3
D:3:      layout_basic, nicolae_elyvilon_peaceful_grove, chei_slow_surprise,
          nicolae_ru_path_of_blood, nicolae_overflow_hidden_temple,
          mainiacjoe_overflow_concentric_impassable, uniq_terence
D:4:      layout_rooms, cheibrodos_ashenzari_chains, roderic_roman_lattice,
          chequers_serial_rivers_small_a
D:5:      layout_basic, nemelex_spade_bored_becter, kennysheep_little_box,
          xom_confusion_cloud

Skill      XL: |  1  2  3  4  5  6  7 |
---------------+----------------------+-----
Ranged Weapons | 5 6 7 8 |  8.2
Fighting       | 3 4 |  4.3
Armour         | 1 |  1.9
Dodging        | |  1.5
Stealth        | |  1.1

Action                     |  1- 3 |  4- 6 |  7- 9 || total
---------------------------+-------+-------+-------++-------
   Fire: Shortbow          |   130 |   204 |    68 ||   402
    Use: Scroll            |     3 |     7 |     1 ||    11
         Potion            |     2 |     1 |       ||     3
 Armour: Leather armour    |    15 |    14 |       ||    29
         Ring mail         |       |    57 |    30 ||    87
  Dodge: Dodged            |    44 |    95 |    23 ||   162

Table legend:
 A = Non-vault XP
 B = Vault XP
 C = Vault XP percentage of total XP
 D = Non-vault monster count
 E = Vault monster count
 F = Vault count percentage of total count
                 A         B        C        D         E       F
            +---------+---------+-------+---------+---------+-------
      Total |     795 |     221 |  21.8 |      74 |       5 |   6.3
            +---------+---------+-------+---------+---------+-------
        D:1 |      18 |       0 |   0.0 |      11 |       0 |   0.0
        D:2 |      52 |       0 |   0.0 |      22 |       0 |   0.0
        D:3 |     208 |      75 |  26.5 |      22 |       2 |   8.3
        D:4 |     182 |       0 |   0.0 |      12 |       0 |   0.0
        D:5 |     335 |     146 |  30.4 |       7 |       3 |  30.0
            +---------+---------+-------+---------+---------+-------
